 Dungeon Crawl Stone Soup version 0.29-a0-1027-gcd8c55af63 (webtiles) character file.

Game seed: 5812315801428828116

32 Manisian the Digger (level 3, -2/19 HPs)
             Began as a Gargoyle Earth Elementalist on Aug 12, 2022.
             Slain by an orc
             ... wielding a +1 mace of protection
              (6 damage)
             ... on level 2 of the Dungeon.
             The game lasted 00:04:44 (1415 turns).

Manisian the Digger (Gargoyle Earth Elementalist)   Turns: 1415, Time: 00:04:45

Health: -2/19      AC:  6    Str: 11    XL:     3   Next: 25%
Magic:  1/6        EV: 11    Int: 17    God:
Gold:   56         SH:  0    Dex: 10    Spells: 4/7 levels left

rFire   . . .      SeeInvis .   (no weapon)
rCold   . . .      Faith    .   (no shield)
rNeg    + . .      Spirit   .   a - +0 robe
rPois   ∞          Reflect  .   (no helmet)
rElec   +          Harm     .   (no cloak)
rCorr   .          Rampage  .   i - +0 pair of gloves
Will    .....                   (no boots)
Stlth   ++........              (no amulet)
HPRegen 0.06/turn               (no ring)
MPRegen 0.10/turn               (no ring)

@: no status effects
A: sickness immunity, AC +3, negative energy resistance 1, electricity
resistance, torment resistance 1, petrification resistance
a: no special abilities


You were on level 2 of the Dungeon.
You visited 1 branch of the dungeon, and saw 2 of its levels.

You collected 56 gold pieces.

Inventory:

Hand Weapons
 f - a +2 dagger of draining
Armour
 a - a +0 robe (worn)
 i - a +0 pair of gloves (worn)
Potions
 b - a potion of magic
 c - a potion of brilliance {unknown}
 d - a potion of attraction
 e - a potion of berserk rage {unknown}
 h - a potion of flight {unknown}
 j - a potion of might {unknown}


   Skills:
 + Level 1.5 Dodging
 + Level 2.3 Stealth
 + Level 2.6 Spellcasting
 + Level 1.0 Transmutations
 + Level 4.4 Earth Magic


You had 4 spell levels left.
You knew the following spells:

 Your Spells              Type           Power      Damage    Failure   Level
a - Sandblast             Erth           34%        2d9       3%          1
b - Passwall              Tmut/Erth      9%         N/A       9%          2

Your spell library contained the following spells:

 Spells                   Type           Power      Damage    Failure   Level
 Stone Arrow              Conj/Erth      18%        3d8       22%         3
 Petrify                  Tmut/Erth      11%        N/A       52%         4


Dungeon Overview and Level Annotations

Branches:
Dungeon (2/15)

Altars:


Innate Abilities, Weirdness & Mutations

You are immune to sickness and miasma.
Your stone body is resilient. (AC +3)
You are immune to poison.
You resist negative energy. (rN+)
You are resistant to electric shocks. (rElec)
You are resistant to unholy torment.
You are immune to petrification.


Message History

2 orcs come into view.
An orc is wielding a +1 mace of protection.
You see here a +0 mace.
Casting: Sandblast (safe; 3% risk of failure)
Confirm with . or Enter, or press ? or * to list all spells.
Aiming: Sandblast (safe; 3% risk of failure)
Press: ? - help, Shift-Dir - straight line, f - orc
Aim: an orc, wielding a +1 mace of protection (wandering, hasn't noticed you, 82% to hit)
The blast of sand hits the orc but does no damage.
The orc shouts!
The orc hits you with a +1 mace of protection!
Casting: Sandblast (safe; 3% risk of failure)
Confirm with . or Enter, or press ? or * to list all spells.
Aiming: Sandblast (safe; 3% risk of failure)
Press: ? - help, Shift-Dir - straight line, f/p - orc
Aim: an orc, wielding a +1 mace of protection (82% to hit)
The blast of sand hits the orc.
The orc is moderately wounded.
The orc completely misses you.
Casting: Sandblast (safe; 3% risk of failure)
Confirm with . or Enter, or press ? or * to list all spells.
Aiming: Sandblast (safe; 3% risk of failure)
Press: ? - help, Shift-Dir - straight line, f/p - orc
Aim: an orc, wielding a +1 mace of protection (lightly wounded, 82% to hit)
The blast of sand hits the orc.
The orc is moderately wounded.
The orc hits you but does no damage. The orc hits you with a +0 flail.
The orc hits you with a +1 mace of protection.
The orc attacks as you move away! The orc misses you.
You aren't carrying any scrolls.
Casting: Sandblast (safe; 3% risk of failure)
Confirm with . or Enter, or press ? or * to list all spells.
Aiming: Sandblast (safe; 3% risk of failure)
Press: ? - help, Shift-Dir - straight line, f/p - orc
Aim: an orc, wielding a +1 mace of protection (moderately wounded, 82% to hit)
The blast of sand misses the orc.
The orc hits you with a +1 mace of protection.
* * * LOW HITPOINT WARNING * * *
The orc hits you with a +1 mace of protection.
You die...

#♣~~~~P♣# #†###.#.
#~.P.~~~# #.#.....
#......## #.#.#.#.
#......# #.#.#.#.
#......# #....... #
#.#############.####
.###.##.###.........#.#
........o##.#######.#.#
####.##.#@#.# #.#.# #
#†###..# #####.#.# ..#
##.###.......# # #..
#.........### ## #.
#.###.##.## ##. ..
.####.#...####.. .. .
...........+.. ##. #
###..#..####.. ##...##
##.


You could see an orc.

Vanquished Creatures
  A dart slug (D:2)
  An orc (D:2)
  2 endoplasms
  4 giant cockroaches
  A goblin (D:1)
  3 hobgoblins
  A kobold (D:1)
  A quokka (D:1)
  2 ball pythons
  6 bats
  2 frilled lizards (D:1)
  4 rats (D:1)
28 creatures vanquished.

Vanquished Creatures (others)
  3 plants (D:2)
3 creatures vanquished.

Grand Total: 31 creatures vanquished

Notes
Turn   | Place    | Note
-------+----------+-------------------------------------------
     0 | D:1      | Manisian the Gargoyle Earth Elementalist began the quest
                  | for the Orb.
     0 | D:1      | Reached XP level 1. HP: 10/10 MP: 3/3
    58 | D:1      | Found a faded altar of an unknown god.
    63 | D:1      | Reached skill level 1 in Transmutations
   362 | D:1      | Reached skill level 4 in Earth Magic
   362 | D:1      | Reached XP level 2. HP: 12/15 MP: 0/5
   418 | D:1      | Learned a level 2 spell: Passwall
  1235 | D:2      | Reached XP level 3. HP: 19/19 MP: 4/6
  1415 | D:2      | Slain by an orc

Illustrated notes

Levels and vault maps discovered:
D:1:      saegor_arrival_simple_c, layout_basic, serial_corexii_hall,
          corexii_hall_statues_s, corexii_hall_statues_x,
          chequers_hall_statues_wall_a, corexii_hall_statues_i,
          hellmonk_ecumenical_altar_pennies_from_heaven
D:2:      layout_loops_corners, serial_bayou, serial_bayou_lagoon_b,
          serial_bayou_shore_b, serial_bayou_pond_d, serial_bayou_ford_a,
          serial_bayou_shore_b, serial_bayou_pond_d

Skill      XL: |  1 |
---------------+----+-----
Transmutations | 1 |  1.0
Earth Magic    | 4 |  4.4
Dodging        | |  1.5
Stealth        | |  2.3
Spellcasting   | |  2.6

Action                   || total
-------------------------++-------
 Cast: Sandblast         ||    40
  Use: Scroll            ||     2
Armor: Robe              ||     4
Dodge: Dodged            ||    11

Table legend: (Time is in decaauts)
 A = Elapsed time spent in this place.
 B = Non-inter-level travel time spent in this place.
 C = Inter-level travel time spent in this place.
 D = Time resting spent in this place.
 E = Time spent auto-exploring this place.
 F = Levels seen in this place.
 G = Mean time per level.
                   A        B        C        D        E       F      G
               +--------+--------+--------+--------+--------+-----+--------+
         Total |   1457 |   1346 |    111 |    316 |    389 |   2 |  728.5 |
       Dungeon |   1457 |   1346 |    111 |    316 |    389 |   2 |  728.5 |
               +--------+--------+--------+--------+--------+-----+--------+

Top non-repeatable levels by time:
     D:1: 1161 daAuts
     D:2: 296 daAuts
